 Dungeon Crawl Stone Soup version 0.22-a0-782-g038298e (webtiles) character file.

5 glosham the Skirmisher (level 1, -1/18 HPs)
             Began as a Mummy Abyssal Knight on July 21, 2018.
             Was a Follower of Lugonu.
             Killed from afar by a starcursed mass (4 damage)
             ... with an accursed screaming
             ... on level 2 of the Abyss.
             The game lasted 00:01:24 (76 turns).

glosham the Skirmisher (Mummy Abyssal Knight)         Turns: 76, Time: 00:01:25

Health: -1/18      AC:  3    Str: 15    XL:     1   Next: 66%
Magic:  2/2        EV: 11    Int: 11    God:    Lugonu [*.....]
Gold:   24         SH:  0    Dex: 11    Spells: 0/0 levels left

rFire    x . .     SeeInvis .   a - +1 spear
rCold    + . .     Gourm    .   (no shield)
rNeg     + + +     Faith    .   b - +0 leather armour
rPois    ∞         Spirit   .   (no helmet)
rElec    .         Reflect  .   (no cloak)
rCorr    .         Harm     .   (no gloves)
MR       .....                  (no boots)
Stlth    +.........             (no amulet)
HPRegen  0.06/turn              (no ring)
MPRegen  0.08/turn              (no ring)

@: no status effects
A: no food or potions, fire vulnerability, cold resistance 1, negative energy
resistance 3, torment resistance, unbreathing
a: Depart the Abyss, Renounce Religion


You were on level 2 of the Abyss.
You worshipped Lugonu.
Lugonu was aware of your devotion.
You were not hungry.

You visited 0 branches of the dungeon, and saw 0 of its levels.
You visited the Abyss 1 time.

You collected 24 gold pieces.

Inventory:

Hand Weapons
 a - a +1 spear (weapon)
Armour
 b - a +0 leather armour (worn)


   Skills:
 - Level 3.0 Fighting
 - Level 1.5 Polearms
 - Level 1.5 Armour
 - Level 0.7 Dodging
 * Level 1.1 Stealth
 - Level 1.5 Invocations


You couldn't memorise any spells.
You didn't know any spells.
Your spell library was empty.

Dungeon Overview and Level Annotations

Branches:
Dungeon (0/15)

Altars:


Innate Abilities, Weirdness & Mutations

You do not eat or drink.
Your flesh is vulnerable to fire.
You are immune to poison.
Your flesh is cold resistant. (rC+)
You are immune to negative energy. (rN+++)
You are immune to unholy pain and torment.
You can survive without breathing.


Message History

Welcome, glosham the Mummy Abyssal Knight.
Will you prevail where others failed? Will you find the Orb of Zot?
Lugonu says: Depart the Abyss and spread corruption, my servant! (use the ability menu to exit the Abyss) Press ? for a list of commands and other information.
Found a corrupted altar of Lugonu.
Found 3 gold pieces.
Found a gateway leading deeper into the Abyss.
You see here 3 gold pieces.
You now have 3 gold pieces.
Found 10 gold pieces.
There is a gateway leading deeper into the Abyss here.
You see here 10 gold pieces.
You now have 13 gold pieces (gained 10).
There is a gateway leading deeper into the Abyss here.
You plunge deeper into the Abyss.
Found 11 gold pieces.
You see here 11 gold pieces.
You now have 24 gold pieces (gained 11).
Found a puce potion.
Found 27 stones.
Found a puce potion.
Found 21 gold pieces.
An ufetubus comes into view.
A small abomination comes into view.
The ufetubus shouts!
The ufetubus hits you but does no damage.
The ufetubus hits you.
A starcursed mass splits.
The ufetubus barely misses you. The ufetubus hits you.
The ufetubus hits you. x2
The ufetubus closely misses you. x2
You miss the ufetubus. The ufetubus hits you.
* * * LOW HITPOINT WARNING * * *
The ufetubus misses you.
You puncture the ufetubus!
You kill the ufetubus!
Your Stealth skill increases to level 1!
The starcursed mass shrieks in your mind.
You die...

.. #. #. .. .# #.# ..
.# ..# #. .##..# #. #
#. ....# #. #.#.
....#..... #
#.#.#..#.#.... ##.
#...@###.. .. #
##..#x.#.##..## .
.##.#.#....##..#...#.
##.#.....!..#.#...
..#
.####.#.#.X#...#..#
.#.##.###..####. ...#
.# # ..#...#.#X..###
### ..#.....# #.
..... # ##
.#..#.#X..#..##.#.


You could see a starcursed mass and a small abomination.

Vanquished Creatures
  An ufetubus (Abyss:2)
1 creature vanquished.

Notes
Turn   | Place    | Note
-------+----------+-------------------------------------------
     0 | Abyss:1  | glosham the Mummy Abyssal Knight began the quest for the Orb.
     0 | Abyss:1  | Reached XP level 1. HP: 18/18 MP: 2/2
    61 | Abyss:2  | Noticed a starcursed mass
    62 | Abyss:2  | Noticed a small abomination
    67 | Abyss:2  | Reached skill level 1 in Stealth
    76 | Abyss:2  | Killed from afar by a starcursed mass

Vault maps used:
Abyss:2:  minivault_25_ag, abyss_exit_lava

Skill      XL: |  1 |
---------------+----+-----
Stealth        | 1 |  1.1
Fighting       | |  3.0
Polearms       | |  1.5
Armour         | |  1.5
Dodging        | |  0.7
Invocations    | |  1.5

Action                   || total
-------------------------++-------
Melee: Spear             ||     2
Armor: Leather armour    ||     1
Dodge: Dodged            ||     4

Table legend:
 A = Spawn XP
 B = Non-spawn XP
 C = Spawn XP percentage of total XP
 D = Spawn monster count
 E = Non-spawn monster count
 F = Spawn count percentage of total count
 G = Total turns spent on level
                    A         B        C        D         E        F      G
               +---------+---------+-------+---------+---------+-------+---------
         Total |       0 |       8 |   0.0 |       0 |       1 |   0.0 |    76
               +---------+---------+-------+---------+---------+-------+---------
       Abyss:2 |       0 |       8 |   0.0 |       0 |       1 |   0.0 |    48
               +---------+---------+-------+---------+---------+-------+---------

Table legend:
 A = Turns spent in this place as a percentage of turns spent in the entire game.
 B = Non-inter-level travel turns spent in this place as a percentage of non-inter-level travel turns spent in the entire game.
 C = Inter-level travel turns spent in this place as a percentage of turns spent in this place.
 D = Turns resting spent in this place as a percentage of non-inter-level travel turns spent in this place.
 E = Turns spent auto-exploring this place as a percentage of non-inter-level travel turns spent in this place.
 F = Non-inter-level travel turns spent in this place divided by the number of levels of this place that you've seen.
                   A       B       C       D       E      F
               +-------+-------+-------+-------+-------+----------------------
         Total | 100.0 | 100.0 |   0.0 |   0.0 |   0.0 |  38.0
         Abyss | 100.0 | 100.0 |   0.0 |   0.0 |   0.0 |  38.0
               +-------+-------+-------+-------+-------+----------------------

Table legend:
 A = Kills in this place as a percentage of kills in entire the game.
 B = Kills by you in this place as a percentage of kills by you in the entire game.
 C = Kills by friends in this place as a percentage of kills by friends in the entire game.
 D = Other kills in this place as a percentage of other kills in the entire game.
 E = Experience gained in this place as a percentage of experience gained in the entire game.
 F = Experience gained in this place divided by the number of levels of this place that you have seen.
                   A       B       C       D       E      F
               +-------+-------+-------+-------+-------+----------------------
         Total | 100.0 | 100.0 |   N/A |   N/A | 100.0 |   4.0
         Abyss | 100.0 | 100.0 |   N/A |   N/A | 100.0 |   4.0
               +-------+-------+-------+-------+-------+----------------------

Vault maps used:
Abyss:2:  minivault_25_ag, abyss_exit_lava
